Map: Oiseau de foudre EC

Players

ShaDoWn - Winner!

  • Race: Protoss Protoss
  • Spawn Location: 5:00

niceusername

  • Race: Terran Terran
  • Spawn Location: 11:00

VOD

Have the link to the VOD?

Description

Time

  • Played on: Sept. 6, 2019, 12:28 p.m.
  • Length: 7:39
Show
View Real Time Build Order
Export as new Build Order

ShaDoWn Protoss - Winner!

Build Orders: 1 Gate Expand, Oracle Opening 

Get SALT Encoding   

  12  0:00  Probe  
  13  0:12  Probe  
  14  0:18  Pylon  
  14  0:24  Probe  
  14  0:27  Assimilator  
  15  0:33  Probe  
  15  0:41  Probe  
  16  0:42  Gateway  
  17  0:51  Probe  
  18  1:03  Probe  
  19  1:15  Probe  
  20  1:21  Nexus  
  20  1:31  Cybernetics Core  
  20  1:34  Probe  
  20  1:39  Assimilator  
  21  1:46  Probe  
  22  1:52  Pylon  
  22  1:58  Probe  
  23  2:01  Adept  
  23  2:10  Probe  
  23  2:12  Stargate  
  26  2:17  Warp Gate  
  26  2:23  Probe  
  27  2:30  Probe  
  27  2:31  Adept  
  27  2:35  Probe  
  30  2:38  Probe  
  31  2:45  Oracle  
  31  2:47  Probe  
  31  2:48  Probe  
  36  2:59  Probe  
  36  3:00  Probe  
  38  3:06  Gateway  
  38  3:13  Oracle, Gateway  
  38  3:14  Probe  
  38  3:15  Probe  
  40  3:26  Probe  
  44  3:29  Pylon  
  44  3:33  Pylon  
  44  3:36  Probe  
  44  3:39  Probe  
  47  3:48  Probe  
  47  3:51  Probe  
  48  3:55  Oracle  
  48  4:00  Probe  
  52  4:03  Probe  
  52  4:06  Adept  
  52  4:07  Adept x2  
  59  4:12  Pylon, Probe  
  59  4:15  Probe  
  61  4:24  Probe, Nexus  
  61  4:30  Probe  
  60  4:35  Assimilator  
  60  4:36  Assimilator  
  60  4:38  Probe  
  61  4:44  Probe  
  56  4:47  Stalker x3  
  56  4:50  Probe  
  58  4:54  Forge, Twilight Council  
  58  4:56  Probe  
  59  5:04  Pylon  
  59  5:05  Robotics Facility  
  59  5:06  Protoss Ground Weapons Level 1  
  59  5:09  Probe  
  59  5:12  Blink  
  59  5:13  Probe  
  61  5:21  Probe  
  62  5:25  Probe  
  63  5:30  Probe  
  63  5:33  Probe x2  
  64  5:39  Probe  
  64  5:41  Probe x2  
  66  5:44  Gateway  
  66  5:47  Gateway  
  66  5:49  Gateway  
  69  5:51  Probe  
  69  5:52  Probe  
  68  5:57  Warp Prism  
  68  6:02  Gateway, Sentry x2  
  68  6:03  Gateway  
  68  6:04  Sentry  
  76  6:08  Pylon  
  76  6:09  Probe  
  76  6:10  Probe x2  
  79  6:12  Assimilator  
  79  6:13  Assimilator  
  79  6:16  Oracle, Pylon  
  82  6:26  Pylon  
  82  6:27  Stalker x3  
  88  6:33  Observer  
  88  6:37  Pylon  
  88  6:39  Stalker  
  91  6:44  Stalker x2  
  95  6:51  Stalker  
  95  6:52  Stalker  
  99  6:54  Pylon  
  99  6:57  Stalker  
  99  6:58  Stalker  
  99  6:59  Zealot  
  105  7:02  Pylon  
  105  7:07  Stalker x2  
  105  7:14  Stalker x2  
  108  7:22  Stalker  
  104  7:32  Stalker x2  
Show
View Real Time Build Order
Export as new Build Order

niceusername Terran 

Build Orders:  

Get SALT Encoding   

  12  0:00  SCV  
  13  0:13  SCV  
  14  0:17  Supply Depot  
  14  0:25  SCV  
  15  0:38  SCV  
  15  0:39  Barracks  
  16  0:46  Refinery  
  16  0:50  SCV  
  17  1:03  SCV  
  18  1:15  SCV  
  19  1:26  Marine  
  19  1:27  Orbital Command  
  19  1:29  Supply Depot  
  20  1:44  Marine  
  21  1:50  Factory  
  21  1:52  SCV  
  22  2:04  SCV  
  23  2:11  Barracks Tech Lab  
  23  2:17  SCV  
  24  2:22  Command Center  
  24  2:27  Supply Depot  
  24  2:29  SCV  
  25  2:31  Bunker  
  25  2:38  Factory Reactor  
  25  2:41  SCV  
  25  2:43  Refinery  
  26  2:46  Marine  
  27  2:53  SCV  
  28  3:03  Starport  
  28  3:05  SCV  
  29  3:16  Marine  
  29  3:17  SCV  
  29  3:18  Widow Mine  
  29  3:19  Widow Mine  
  35  3:26  Barracks  
  35  3:29  SCV  
  33  3:41  SCV  
  33  3:46  Viking  
  33  3:53  SCV  
  33  3:54  Widow Mine  
  30  4:04  Marine  
  30  4:05  SCV  
  27  4:11  Widow Mine  
  27  4:15  SCV  
  30  4:18  SCV  
  30  4:22  Marine  
  32  4:30  SCV  
  33  4:40  Marine  
  33  4:42  SCV  
  34  4:52  Medivac  
  34  4:54  SCV  
  34  4:55  SCV  
  36  5:06  Liberator, SCV  
  37  5:07  SCV  
  37  5:18  SCV  
  38  5:21  Orbital Command  
  41  5:30  SCV  
  42  5:41  Widow Mine, Marine  
  42  5:42  SCV  
  45  5:54  SCV x2  
  46  5:59  Marine  
  47  6:06  SCV x2  
  49  6:17  Marine  
  51  6:18  Factory Tech Lab, SCV x2  
  51  6:21  Supply Depot, Barracks  
  52  6:30  SCV  
  52  6:32  SCV  
  54  6:35  Marine  
  54  6:42  SCV  
  54  6:43  Siege Tank  
  54  6:44  Marine, SCV  
  60  6:47  Command Center  
  60  6:53  Marine  
  61  6:54  SCV  
  61  6:56  SCV  
  63  7:02  Marine  
  63  7:06  SCV  
  65  7:08  SCV  
  65  7:10  Marine  
  67  7:19  SCV  
  67  7:20  Marine  
  67  7:22  SCV  
Tags
 
Add a new tag
Caveats
  • Supply blocks, unpowered buildings, or Contaminate may cause inaccurate times.
  • Supply counts are checked every 10 seconds.